 Dungeon Crawl Stone Soup version 0.30-a0-373-gd37427bb62 (webtiles) character file.

Game seed: 3484816018658197902

49 mopl the Chopper (level 3, 0/31 HPs)
             Began as a Hill Orc Fighter on Nov 24, 2022.
             Slain by a gnoll
             ... wielding a +0 halberd
              (8 damage)
             ... on level 2 of the Dungeon.
             The game lasted 00:00:54 (515 turns).

mopl the Chopper (Hill Orc Fighter)                  Turns: 515, Time: 00:00:55

Health: 0/31       AC:  9    Str: 20    XL:     3   Next: 75%
Magic:  3/3        EV:  9    Int:  8    God:
Gold:   23         SH:  4    Dex: 10    Spells: 2/2 levels left

rFire   . . .      SeeInvis .    a - +0 war axe
rCold   . . .      Faith    .    c - +0 buckler
rNeg    . . .      Spirit   .    b - +0 scale mail
rPois   .          Reflect  .    (no helmet)
rElec   .          Harm     .    e - +0 cloak
rCorr   .          Rampage  .    j - +0 pair of gloves
Will    .....                    (no boots)
Stlth   ..........               (no amulet)
HPRegen 0.25/turn                (no ring)
MPRegen 0.08/turn                (no ring)

@: no status effects
A: no striking features
a: no special abilities


You were on level 2 of the Dungeon.
You visited 1 branch of the dungeon, and saw 2 of its levels.

You collected 23 gold pieces.

Inventory:

Hand Weapons
 a - a +0 war axe (weapon)
Armour
 b - a +0 scale mail (worn)
 c - a +0 buckler (worn)
 e - a +0 cloak (worn)
 j - a +0 pair of gloves (worn)
Scrolls
 h - a scroll of noise {unknown}
 i - 2 scrolls of enchant armour {unknown}
Potions
 d - a potion of might
 f - a potion of degeneration {unknown}
 g - 3 potions of curing {unknown}


   Skills:
 - Level 3.6 Fighting
 + Level 5.3 Axes
 - Level 3.2 Armour
 - Level 3.2 Shields


You had 2 spell levels left.
You didn't know any spells.
Your spell library contained the following spells:

 Spells                   Type           Power      Damage    Failure   Level
 Magic Dart               Conj           0%         1d3       85%         1
 Blink                    Tloc           0%         N/A       94%         2
 Call Imp                 Summ           0%         N/A       94%         2
 Ensorcelled Hibernation  Hex/Ice        0%         N/A       94%         2
 Momentum Strike          Conj/Tloc      0%         3d8       94%         2
 Passwall                 Tmut/Erth      0%         N/A       94%         2
 Ignite Poison            Fire/Tmut/Pois 0%         N/A       99%         3
 Kindle Blastsparks       Fire/Tloc/Air  0%         2d10      99%         3
 Lesser Beckoning         Tloc           0%         N/A       99%         3
 Mephitic Cloud           Conj/Pois/Air  0%         N/A       99%         3
 Swiftness                Air            0%         N/A       99%         3
 Freezing Cloud           Conj/Ice/Air   0%         6-21      100%        5


Dungeon Overview and Level Annotations

Branches:
Dungeon (2/15)

Altars:


Message History

No target in view!
No target in view!
No target in view!
Things that are here:
a +2 short sword of holy wrath; an orc corpse A gnoll comes into view.
It is wielding a +0 whip.
The gnoll shouts!
A gnoll comes into view. It is wielding a +0 halberd.
The gnoll shouts!
The gnoll hits you but does no damage.
You hit the gnoll.
The gnoll is severely wounded.
The gnoll hits you from afar with a +0 halberd!
You slash the gnoll!
You kill the gnoll!
The gnoll hits you from afar with a +0 halberd!
You are too injured to fight recklessly!
You are too injured to fight recklessly!
You are too injured to fight recklessly!
You are too injured to fight recklessly!
You are too injured to fight recklessly!
You are too injured to fight recklessly!
You are too injured to fight recklessly!
You are too injured to fight recklessly!
You are too injured to fight recklessly!
You are too injured to fight recklessly!
You are too injured to fight recklessly!
You are too injured to fight recklessly!
You are too injured to fight recklessly!
You are too injured to fight recklessly!
You are too injured to fight recklessly!
You are too injured to fight recklessly!
The gnoll closely misses you.
You hit the gnoll but do no damage.
A gnoll comes into view. It is wielding a +0 spear.
The gnoll hits you with a +0 halberd.
You hit the gnoll but do no damage. The gnoll hits you with a +0 halberd.
* * * LOW HITPOINT WARNING * * *
The gnoll hits you with a +0 halberd!
You die...

.. ### .. ... .
#g# # #.##g##
#.#.#.@.###
#....)....#
###.#...#.#
#.......#
......#.#..#
####..#....#
#..###..#
#.......#
#.####..######.


You could see 2 gnolls.

Vanquished Creatures
  An adder (D:2)
  A gnoll (D:2)
  3 orcs (D:2)
  3 bats
  5 endoplasms
  A giant cockroach (D:1)
  A goblin (D:1)
  2 hobgoblins (D:1)
  3 ball pythons (D:1)
  3 frilled lizards
  3 kobolds (D:1)
  A rat (D:1)
27 creatures vanquished.

Notes
Turn   | Place    | Note
-------+----------+-------------------------------------------
     0 | D:1      | mopl the Hill Orc Fighter began the quest for the Orb.
     0 | D:1      | Reached XP level 1. HP: 19/19 MP: 1/1
    39 | D:1      | Reached skill level 3 in Axes
    78 | D:1      | Reached XP level 2. HP: 24/26 MP: 2/2
   138 | D:1      | Reached skill level 4 in Axes
   207 | D:1      | You fall into a shaft and drop 1 floor!
   393 | D:2      | Reached XP level 3. HP: 19/31 MP: 3/3
   496 | D:2      | Reached skill level 5 in Axes
   515 | D:2      | Slain by a gnoll

Illustrated notes

Levels and vault maps discovered:
D:1:      minmay_arrival_shattered_statue, layout_rooms, minmay_hedge_maze
D:2:      layout_loops_ring, uniq_natasha

Skill      XL: |  1  2  3 |
---------------+----------+-----
Axes           | 3 4 5 |  5.3
Fighting       | |  3.6
Armour         | |  3.2
Shields        | |  3.2

Action                   || total
-------------------------++-------
Melee: War axe           ||    70
Armor: Scale mail        ||    37
Dodge: Dodged            ||    37
Block: Buckler           ||    15

Table legend: (Time is in decaauts)
 A = Elapsed time spent in this place.
 B = Non-inter-level travel time spent in this place.
 C = Inter-level travel time spent in this place.
 D = Time resting spent in this place.
 E = Time spent auto-exploring this place.
 F = Levels seen in this place.
 G = Mean time per level.
                   A        B        C        D        E       F      G
               +--------+--------+--------+--------+--------+-----+--------+
         Total |    536 |    505 |     31 |     54 |    259 |   2 |  268.0 |
       Dungeon |    536 |    505 |     31 |     54 |    259 |   2 |  268.0 |
               +--------+--------+--------+--------+--------+-----+--------+

Top non-repeatable levels by time:
     D:1: 360 daAuts
     D:2: 176 daAuts
